PL
PORTLAND EVERGREENS @ VANCOUVER GREY WOLVES
08/19/2032
 
TOP OF THE 1ST
Portland Evergreens batting - Pitching for Vancouver Grey Wolves : RHP Kent Clement
Pitching: RHP Kent Clement
Batting: LHB Chris Payling 0-0: Ball
1-0: Ball
2-0: Ground out 4-3 (Groundball, 34D)
Batting: RHB Tae-cho Han 0-0: Called Strike
0-1: Ball
1-1: Foul Ball, location: 2F
1-2: Fly out, F7 (Flyball, 7LM)
Batting: LHB Adrián Gómez 0-0: Called Strike
0-1: Ball
1-1: Ball
2-1: Foul Ball, location: 2F
2-2: Foul Ball, location: 2F
2-2: Foul Ball, location: 2F
2-2: DOUBLE (Line Drive, 7LD)
Batting: RHB Nelson Jaramillo 0-0: Ball
Wild Pitch!
Adrián Gómez to third
1-0: Called Strike
1-1: Fly out, F7 (Flyball, 7S)
Top of the 1st over - 0 runs, 1 hit, 0 errors, 1 left on base; Portland 0 - Vancouver 0
BOTTOM OF THE 1ST
Vancouver Grey Wolves batting - Pitching for Portland Evergreens : RHP Giovanni Mireles
Pitching: RHP Giovanni Mireles
Batting: LHB Michael Malloy 0-0: Called Strike
0-1: Ball
1-1: Foul Ball, location: 2F
1-2: Ball
2-2: Ball
3-2: Foul Ball, location: 2F
3-2: Strikes out swinging
Batting: RHB Urs van Munster 0-0: Ball
1-0: Swinging Strike
1-1: Foul Ball, location: 2F
1-2: Fly out, F9 (Flyball, 9S)
Batting: LHB Preston Witt 0-0: Ball
1-0: Foul Ball, location: 2F
1-1: Called Strike
1-2: Ball
2-2: Ground out 6-3 (Groundball, 6)
Bottom of the 1st over - 0 runs, 0 hits, 0 errors, 0 left on base; Portland 0 - Vancouver 0
TOP OF THE 2ND
Portland Evergreens batting - Pitching for Vancouver Grey Wolves : RHP Kent Clement
Batting: LHB John Ennis 0-0: Called Strike
0-1: Ground out 4-3 (Groundball, 34)
Batting: SHB Billy Dotson 0-0: Called Strike
0-1: Ball
1-1: Called Strike
1-2: Strikes out swinging
Batting: LHB Ramón Garmendia 0-0: Ball
1-0: Reached on error, E4 (Line Drive, 4M)
Batting: LHB Calvin Wilms 0-0: Ball
1-0: Ball
2-0: Foul Ball, location: 2F
2-1: Ball
3-1: Ground out 4-3 (Groundball, 4)
Top of the 2nd over - 0 runs, 0 hits, 1 error, 1 left on base; Portland 0 - Vancouver 0
BOTTOM OF THE 2ND
Vancouver Grey Wolves batting - Pitching for Portland Evergreens : RHP Giovanni Mireles
Batting: RHB Hugh Mungus 0-0: Fly out, F9 (Flyball, 89XD)
Batting: LHB Michael Ward 0-0: Called Strike
0-1: Swinging Strike
0-2: Foul Ball, location: 2F
0-2: Ball
1-2: Foul Ball, location: 2F
1-2: Strikes out swinging
Batting: RHB Iván Vega 0-0: Foul Ball, location: 2F
0-1: Foul Ball, location: 2F
0-2: SINGLE (Groundball, 6M) (infield hit)
Batting: RHB Arlen Joysey 0-0: Ball
1-0: Called Strike
1-1: Foul Ball, location: 2F
1-2: Fly out, F7 (Line Drive, 7)
Bottom of the 2nd over - 0 runs, 1 hit, 0 errors, 1 left on base; Portland 0 - Vancouver 0
TOP OF THE 3RD
Portland Evergreens batting - Pitching for Vancouver Grey Wolves : RHP Kent Clement
Batting: LHB César Gómes 0-0: DOUBLE (Line Drive, 7LS)
Batting: LHB Chris Payling 0-0: Ball
1-0: Called Strike
1-1: SINGLE (Line Drive, 4MD)
César Gómes to third
Batting: RHB Tae-cho Han 0-0: Ball
1-0: Swinging Strike
1-1: Ball
2-1: Called Strike
2-2: Foul Ball, location: 2F
2-2: Ball
3-2: SINGLE (Line Drive, 3)
César Gómes scores
Chris Payling to second
Chris Payling to third
Batting: LHB Adrián Gómez 0-0: Ball
1-0: Ball
2-0: Called Strike
2-1: Foul Ball, location: 2F
2-2: Foul Ball, location: 2F
2-2: Foul Ball, location: 2F
2-2: Strikes out looking
Batting: RHB Nelson Jaramillo 0-0: Fly out, F9 (Flyball, 89S)
Runner from 3rd tags up, SCORES, no throw
Batting: LHB John Ennis 0-0: Ball
1-0: Ball
2-0: Called Strike
2-1: Ball
3-1: Called Strike
3-2: SINGLE (Groundball, 56D)
Tae-cho Han to second
Tae-cho Han to third
Batting: SHB Billy Dotson 0-0: Ball
1-0: Fly out, F9 (Flyball, 9D)
Top of the 3rd over - 2 runs, 4 hits, 0 errors, 2 left on base; Portland 2 - Vancouver 0
BOTTOM OF THE 3RD
Vancouver Grey Wolves batting - Pitching for Portland Evergreens : RHP Giovanni Mireles
Batting: RHB José Jarca 0-0: Called Strike
0-1: Foul Ball, location: 2F
0-2: Fly out, F8 (Flyball, 78D)
Batting: RHB Wilson Vega 0-0: Ball
1-0: Ball
2-0: Fly out, F6 (Line Drive, 6)
Batting: LHB Michael Malloy 0-0: Ball
1-0: Foul Ball, location: 2F
1-1: Called Strike
1-2: Ball
2-2: SINGLE (Groundball, 34S) (infield hit)
Batting: RHB Urs van Munster 0-0: Swinging Strike
0-1: Ball
1-1: Ground out 5-3 (Groundball, 5S)
Bottom of the 3rd over - 0 runs, 1 hit, 0 errors, 1 left on base; Portland 2 - Vancouver 0
TOP OF THE 4TH
Portland Evergreens batting - Pitching for Vancouver Grey Wolves : RHP Kent Clement
Batting: LHB Ramón Garmendia 0-0: Ball
1-0: Ball
2-0: Swinging Strike
2-1: Called Strike
2-2: SINGLE (Line Drive, 89M)
Batting: LHB Calvin Wilms 0-0: Ground out 6-3 (Groundball, 6MS)
Ramón Garmendia to second
Batting: LHB César Gómes 0-0: Ground out 4-3 (Groundball, 4)
Ramón Garmendia to third
Batting: LHB Chris Payling 0-0: Foul Ball, location: 2F
0-1: Reached on error, E3 (Groundball, 34)
Ramón Garmendia scores
Batting: RHB Tae-cho Han 0-0: Ball
Chris Payling steals 2nd base
1-0: Called Strike
1-1: Called Strike
1-2: Ball
Wild Pitch!
Chris Payling to third
2-2: Foul Ball, location: 2F
2-2: Ball
3-2: Foul Ball, location: 2F
3-2: SINGLE (Groundball, 6D)
Chris Payling scores
Batting: LHB Adrián Gómez 0-0: Ball
1-0: SINGLE (Line Drive, 56D)
Tae-cho Han to second
Batting: RHB Nelson Jaramillo 0-0: Fly out, F7 (Line Drive, 7D)
Top of the 4th over - 2 runs, 3 hits, 1 error, 2 left on base; Portland 4 - Vancouver 0
BOTTOM OF THE 4TH
Vancouver Grey Wolves batting - Pitching for Portland Evergreens : RHP Giovanni Mireles
Batting: LHB Preston Witt 0-0: Ball
1-0: SINGLE (Line Drive, 56)
Batting: RHB Hugh Mungus 0-0: Called Strike
0-1: Foul Ball, location: 2F
0-2: Foul Ball, location: 2F
0-2: Ball
1-2: Foul Ball, location: 2F
1-2: Ball
2-2: Foul Ball, location: 2F
2-2: Foul Ball, location: 2F
2-2: Ball
3-2: Strikes out swinging
Batting: LHB Michael Ward 0-0: Ball
1-0: Foul Ball, location: 2F
1-1: Ground out U3 (Groundball, 34S)
Preston Witt to second
Batting: RHB Iván Vega 0-0: Ground out 4-3 (Groundball, 6M)
Bottom of the 4th over - 0 runs, 1 hit, 0 errors, 1 left on base; Portland 4 - Vancouver 0
TOP OF THE 5TH
Portland Evergreens batting - Pitching for Vancouver Grey Wolves : RHP Kent Clement
Batting: LHB John Ennis 0-0: Called Strike
0-1: Ball
1-1: Swinging Strike
1-2: Foul Ball, location: 2F
1-2: Ball
2-2: Ball
3-2: Base on Balls
Batting: SHB Billy Dotson 0-0: Sac Bunt - play at first, batter safe!
John Ennis to second
Batting: LHB Ramón Garmendia 0-0: Ball
1-0: Called Strike
1-1: Swinging Strike
1-2: Fly out, F9 (Flyball, 9D)
Runner from 2nd tags up, SAFE at 3rd, no throw
Batting: LHB Calvin Wilms 0-0: Fly out, F9 (Flyball, 9S)
Batting: LHB César Gómes 0-0: Ball
1-0: Ball
2-0: Ball
3-0: Called Strike
3-1: Reached on error, E4 (Groundball, 4)
John Ennis scores
Billy Dotson to second
Batting: LHB Chris Payling 0-0: Swinging Strike
0-1: Ball
1-1: Ball
2-1: Ground out 4-3 (Groundball, 34D)
Top of the 5th over - 1 run, 1 hit, 1 error, 2 left on base; Portland 5 - Vancouver 0
BOTTOM OF THE 5TH
Vancouver Grey Wolves batting - Pitching for Portland Evergreens : RHP Giovanni Mireles
Batting: RHB Arlen Joysey 0-0: Reached on error, E5 (Groundball, 56S)
Batting: RHB José Jarca 0-0: Swinging Strike
0-1: Swinging Strike
0-2: Ball
1-2: Ground out 6-3 (Groundball, 6)
Batting: RHB Wilson Vega 0-0: Called Strike
0-1: Ball
1-1: Ground out 4-3 (Groundball, 4)
Arlen Joysey to third
Batting: LHB Michael Malloy 0-0: Ball
1-0: Called Strike
1-1: DOUBLE (Line Drive, 9LM)
Arlen Joysey scores
Batting: RHB Urs van Munster 0-0: Ball
1-0: Foul Ball, location: 2F
1-1: Ball
2-1: Ball
3-1: SINGLE (Groundball, 34D)
Michael Malloy to third
Runner from 3rd tries for Home, SAFE, no throw
Batting: LHB Preston Witt 0-0: Ball
Urs van Munster is caught stealing 2nd base
Bottom of the 5th over - 2 runs, 2 hits, 1 error, 0 left on base; Portland 5 - Vancouver 2
TOP OF THE 6TH
Portland Evergreens batting - Pitching for Vancouver Grey Wolves : RHP Kent Clement
Batting: RHB Tae-cho Han 0-0: Ball
1-0: Ball
2-0: Foul Ball, location: 2F
2-1: SOLO HOME RUN (Flyball, 9LD), Distance : 339 ft
Pitching: RHP Enrico Reséndez
Batting: LHB Adrián Gómez 0-0: Called Strike
0-1: Called Strike
0-2: Ball
1-2: Ball
2-2: SOLO HOME RUN (Flyball, 7LD), Distance : 319 ft
Batting: RHB Nelson Jaramillo 0-0: Called Strike
0-1: Ball
1-1: Foul Ball, location: 2F
1-2: Ball
2-2: Ground out 6-3 (Groundball, 6)
Batting: LHB John Ennis 0-0: Ball
1-0: Ball
2-0: Foul Ball, location: 2F
2-1: Ball
3-1: Called Strike
3-2: Ground out 1-3 (Groundball, P)
Batting: SHB Billy Dotson 0-0: Ball
1-0: Fly out, F5 (Popup, 15)
Top of the 6th over - 2 runs, 2 hits, 0 errors, 0 left on base; Portland 7 - Vancouver 2
BOTTOM OF THE 6TH
Vancouver Grey Wolves batting - Pitching for Portland Evergreens : RHP Giovanni Mireles
Batting: LHB Preston Witt 0-0: Called Strike
0-1: SINGLE (Groundball, 34D)
Batting: RHB Hugh Mungus 0-0: Ball
1-0: Foul Ball, location: 2F
1-1: Grounds into double play, 6-4-3 (Groundball, 6)
Batting: LHB Michael Ward 0-0: Ball
1-0: Ball
2-0: Foul Ball, location: 2F
2-1: Foul Ball, location: 2F
2-2: Ball
3-2: Strikes out looking
Bottom of the 6th over - 0 runs, 1 hit, 0 errors, 0 left on base; Portland 7 - Vancouver 2
TOP OF THE 7TH
Portland Evergreens batting - Pitching for Vancouver Grey Wolves : RHP Enrico Reséndez
Batting: LHB Ramón Garmendia 0-0: Called Strike
0-1: Foul Ball, location: 2F
0-2: Ball
1-2: Ball
2-2: Foul Ball, location: 2F
2-2: Ball
3-2: Fly out, F9 (Flyball, 89S)
Batting: LHB Calvin Wilms 0-0: SINGLE (Flyball, 78M)
Batting: LHB César Gómes 0-0: Ball
1-0: Called Strike
1-1: Ball
2-1: Swinging Strike
2-2: Foul Ball, location: 2F
2-2: Strikes out swinging
Batting: LHB Chris Payling 0-0: Ball
1-0: Ball
2-0: Ball
3-0: SINGLE (Groundball, 34D)
Calvin Wilms to second
Runner from 2nd tries for 3rd, SAFE, throw made to third
Batting: RHB Tae-cho Han 0-0: Ball
1-0: Foul Ball, location: 2F
1-1: Foul Ball, location: 2F
1-2: Ball
2-2: Strikes out swinging
Top of the 7th over - 0 runs, 2 hits, 0 errors, 2 left on base; Portland 7 - Vancouver 2
BOTTOM OF THE 7TH
Vancouver Grey Wolves batting - Pitching for Portland Evergreens : RHP Giovanni Mireles
Batting: RHB Iván Vega 0-0: Foul Ball, location: 2F
0-1: Ball
1-1: Fly out, F7 (Flyball, 7D)
Batting: RHB Arlen Joysey 0-0: Foul Ball, location: 2F
0-1: Called Strike
0-2: Foul Ball, location: 2F
0-2: Ball
1-2: Strikes out swinging
Batting: RHB José Jarca 0-0: Ball
1-0: Swinging Strike
1-1: Foul Ball, location: 2F
1-2: Foul Ball, location: 2F
1-2: Fly out, F8 (Flyball, 89D)
Bottom of the 7th over - 0 runs, 0 hits, 0 errors, 0 left on base; Portland 7 - Vancouver 2
TOP OF THE 8TH
Portland Evergreens batting - Pitching for Vancouver Grey Wolves : RHP Enrico Reséndez
Batting: LHB Adrián Gómez 0-0: Ball
1-0: Called Strike
1-1: Ball
2-1: Called Strike
2-2: Ground out 6-3 (Groundball, 6M)
Batting: RHB Nelson Jaramillo 0-0: Ball
1-0: Swinging Strike
1-1: Ball
2-1: Foul Ball, location: 2F
2-2: Strikes out swinging
Batting: LHB John Ennis 0-0: Ball
1-0: Called Strike
1-1: Fly out, F9 (Flyball, 9LSF)
Top of the 8th over - 0 runs, 0 hits, 0 errors, 0 left on base; Portland 7 - Vancouver 2
BOTTOM OF THE 8TH
Vancouver Grey Wolves batting - Pitching for Portland Evergreens : RHP Giovanni Mireles
Pitching: RHP Ieyoshi Asai
Now at 1B: Rob Gray
Batting: RHB Wilson Vega 0-0: Foul Ball, location: 2F
0-1: Called Strike
0-2: Foul Ball, location: 2F
0-2: Ball
1-2: Ball
2-2: SOLO HOME RUN (Flyball, 9LD), Distance : 330 ft
Batting: LHB Michael Malloy 0-0: Foul Ball, location: 2F
0-1: Swinging Strike
0-2: Foul Ball, location: 2F
0-2: Ball
1-2: Ball
2-2: SOLO HOME RUN (Flyball, 78XD), Distance : 376 ft
Pitching: RHP Júlio Rodríguez
Batting: RHB Urs van Munster 0-0: Called Strike
0-1: Ball
1-1: Ball
2-1: Ball
3-1: Base on Balls
Batting: LHB Preston Witt 0-0: Called Strike
0-1: Ball
1-1: Called Strike
1-2: Strikes out swinging
Batting: RHB Hugh Mungus 0-0: Called Strike
0-1: Fly out, F9 (Flyball, 89S)
Batting: LHB Michael Ward 0-0: Called Strike
0-1: Ball
1-1: Ball
2-1: Called Strike
2-2: Ball
3-2: Fly out, F8 (Flyball, 8RM)
Bottom of the 8th over - 2 runs, 2 hits, 0 errors, 1 left on base; Portland 7 - Vancouver 4
TOP OF THE 9TH
Portland Evergreens batting - Pitching for Vancouver Grey Wolves : RHP Enrico Reséndez
Batting: SHB Billy Dotson 0-0: Foul Ball, location: 2F
0-1: Swinging Strike
0-2: Foul Ball, location: 2F
0-2: Foul Ball, location: 2F
0-2: Ball
1-2: Ball
2-2: Strikes out swinging
Batting: LHB Ramón Garmendia 0-0: Ball
1-0: Ball
2-0: Ball
3-0: Called Strike
3-1: SINGLE (Groundball, 25) (infield hit)
Pitching: RHP Ambrose Randall
Batting: LHB Calvin Wilms 0-0: Ball
1-0: Ball
2-0: Foul Ball, location: 2F
2-1: Ball
Wild Pitch!
Ramón Garmendia to second
3-1: Foul Ball, location: 2F
3-2: Foul Ball, location: 2F
3-2: Foul Ball, location: 2F
3-2: Foul Ball, location: 2F
3-2: Base on Balls
Batting: LHB César Gómes 0-0: Ball
1-0: Called Strike
Ramón Garmendia is caught stealing 3rd base
1-1: Called Strike
1-2: Strikes out swinging
Top of the 9th over - 0 runs, 1 hit, 0 errors, 1 left on base; Portland 7 - Vancouver 4
BOTTOM OF THE 9TH
Vancouver Grey Wolves batting - Pitching for Portland Evergreens : RHP Júlio Rodríguez
Batting: RHB Iván Vega 0-0: Ball
1-0: Ball
2-0: Fly out, F7 (Flyball, 7S)
Batting: RHB Arlen Joysey 0-0: SINGLE (Line Drive, 4) (infield hit)
Batting: RHB José Jarca 0-0: Ball
1-0: Ball
2-0: Foul Ball, location: 2F
2-1: Ground out 5-3 (Groundball, 5S)
Arlen Joysey to second
Batting: RHB Wilson Vega 0-0: Ball
1-0: Ball
2-0: Swinging Strike
2-1: Foul Ball, location: 2F
2-2: DOUBLE (Flyball, 8LXD)
Arlen Joysey scores
Batting: LHB Michael Malloy 0-0: Foul Ball, location: 2F
0-1: Foul Ball, location: 2F
0-2: Foul Ball, location: 2F
0-2: Strikes out swinging
Bottom of the 9th over - 1 run, 2 hits, 0 errors, 1 left on base; Portland 7 - Vancouver 5
Wednesday, September 19th, 2018 - OOTP Baseball 18.8 Build 76